 Dungeon Crawl Stone Soup version 0.21.1-1-g345015fe64 (webtiles) character file.

254 Gedi the Skirmisher (level 5, -6/50 HPs)
             Began as a Minotaur Abyssal Knight on June 15, 2018.
             Was a Believer of Lugonu.
             Blown up by Ijyb (19 damage)
             ... with a wand of disintegration (17)
             ... on level 3 of the Dungeon.
             The game lasted 00:03:14 (1720 turns).

Gedi the Skirmisher (Minotaur Abyssal Knight)       Turns: 1720, Time: 00:03:14

Health: -6/50      AC:  6    Str: 18    XL:     5   Next: 90%
Magic:  6/6        EV: 11    Int:  9    God:    Lugonu [**....]
Gold:   152        SH:  0    Dex:  9    Spells: 4/4 levels left

rFire    . . .     SeeInvis .   a - +1 hand axe
rCold    . . .     Gourm    .   (no shield)
rNeg     . . .     Faith    .   b - +0 leather armour
rPois    .         Spirit   .   (helmet restricted)
rElec    .         Reflect  .   (no cloak)
rCorr    .         Harm     .   (no gloves)
MR       .....                  l - +2 pair of boots
Stlth    +.........             (no amulet)
HPRegen  0.16/turn              (no ring)
MPRegen  0.10/turn              (no ring)

@: no status effects
A: retaliatory headbutt, horns 2
a: Depart the Abyss, Bend Space, Renounce Religion


You were on level 3 of the Dungeon.
You worshipped Lugonu.
Lugonu was pleased with you.
You were hungry.

You visited 1 branch of the dungeon, and saw 3 of its levels.
You visited the Abyss 1 time.

You collected 152 gold pieces.

Inventory:

Hand Weapons
 a - a +1 hand axe (weapon)
Armour
 b - a +0 leather armour (worn)
 l - a +2 pair of boots (worn)
Scrolls
 g - a scroll of blinking {unknown}
 h - 4 scrolls of identify {unknown}
 j - a scroll of fog {unknown}
 m - a scroll of fear {unknown}
 o - 2 scrolls of teleportation {unknown}
 q - 2 scrolls of magic mapping {unknown}
 s - 2 scrolls of remove curse {unknown}
 t - a scroll of random uselessness {unknown}
Potions
 d - 6 potions of curing {unknown}
 e - a potion of cancellation {unknown}
 i - a potion of lignification {unknown}
 k - a potion of agility {unknown}
 n - a potion of mutation {unknown}
 p - a potion of invisibility {unknown}
 r - 2 potions of degeneration {unknown}
Comestibles
 c - 8 rations


   Skills:
 * Level 5.8 Fighting
 * Level 4.7 Axes
 * Level 3.4 Armour
 - Level 1.1 Dodging
 * Level 2.7 Invocations


You had 4 spell levels left.
You didn't know any spells.

Dungeon Overview and Level Annotations

Branches:
Dungeon (3/15)

Altars:
Cheibriados
Elyvilon

Annotations:
D:3 Ijyb


Innate Abilities, Weirdness & Mutations

You reflexively headbutt those who attack you in melee.
You have a pair of horns on your head.


Message History

Things that are here:
a whip; an orc corpse Ijyb zaps a wand.
You are blasted!
Ijyb hits you but does no damage.
You hit Ijyb but do no damage. Your headbutt misses Ijyb.
Ijyb barely misses you.
Ijyb zaps a wand.
You are blasted!
The orc closely misses you.
You closely miss the orc. The orc barely misses you.
You closely miss the orc. The orc barely misses you.
You slash the orc!
You kill the orc!
Lugonu accepts your kill.
Ijyb zaps a wand.
You are blasted!
* * * LOW HITPOINT WARNING * * *
Things that are here:
a mace; a hunting sling; an orc corpse Ijyb hits you but does no damage.
Ijyb zaps a wand.
You are blasted!
You die...

#.....## .#
#.##...##.#
#.......).#
#.##...#........
#.###.##.#######
#.# #.##.#
#######.###.##.#
#........g..##.#
...#####@######.###
#.#..)......
#.#)####.### #.#.#
#.#.# # #.#.#### #
#########..(...## #
#...............#
####
#)#########.##..#


You could see Ijyb.

Vanquished Creatures
  Sigmund (D:2)
  3 adders
  An ooze (D:1)
  2 dart slugs
  2 orcs (D:3)
  2 giant cockroaches (D:1)
  8 hobgoblins (D:1)
  9 jackals
  A quokka (D:2)
  A ball python (D:1)
  7 bats
  2 frilled lizards
  7 goblins
  8 kobolds
  4 rats (D:1)
58 creatures vanquished.

Notes
Turn   | Place    | Note
-------+----------+-------------------------------------------
     0 | Abyss:1  | Gedi the Minotaur Abyssal Knight began the quest for the Orb.
     0 | Abyss:1  | Reached XP level 1. HP: 19/19 MP: 1/1
    48 | Abyss:1  | Noticed a tentacled starspawn
    49 | D:1      | Escaped the Abyss
    83 | D:1      | Reached XP level 2. HP: 23/27 MP: 2/2
    95 | D:1      | Reached * piety under Lugonu
   227 | D:1      | Reached skill level 4 in Fighting
   519 | D:1      | Reached XP level 3. HP: 33/33 MP: 3/3
  1004 | D:2      | Found a snail-covered altar of Cheibriados.
  1253 | D:2      | Noticed Sigmund
  1269 | D:2      | Killed Sigmund
  1269 | D:2      | Reached skill level 5 in Fighting
  1269 | D:2      | Reached XP level 4. HP: 19/44 MP: 4/4
  1269 | D:2      | Reached XP level 5. HP: 21/50 MP: 5/5
  1305 | D:2      | Found a white marble altar of Elyvilon.
  1490 | D:3      | Reached ** piety under Lugonu
  1697 | D:3      | Noticed Ijyb
  1720 | D:3      | Blown up by Ijyb

Skill      XL: |  1  2  3 |
---------------+----------+-----
Axes           | 3 4 |  4.7
Invocations    | 2 |  2.7
Fighting       | 4 5 |  5.8
Armour         | 3 |  3.4
Dodging        | |  1.1

Action                   |  1- 3 |  4- 6 || total
-------------------------+-------+-------++-------
Melee: Hand axe          |    77 |    36 ||   113
       Headbutt          |    12 |       ||    12
Invok: Depart the Abyss  |     1 |       ||     1
  Eat: Chunk             |     1 |     1 ||     2
Armor: Leather armour    |    27 |    19 ||    46
Dodge: Dodged            |    58 |    26 ||    84
